 Dungeon Crawl Stone Soup version 0.22-a0-422-g9628fc8 (webtiles) character file.

11 iamserjio the Magician (level 2, -2/19 HPs)
             Began as a Mummy Earth Elementalist on May 16, 2018.
             Slain by a leopard gecko (4 damage)
             ... on level 1 of the Dungeon.
             The game lasted 00:01:41 (464 turns).

iamserjio the Magician (Mummy Earth Elementalist)    Turns: 464, Time: 00:01:42

Health: -2/19      AC:  2    Str: 11    XL:     2   Next: 13%
Magic:  5/6        EV: 12    Int: 14    God:
Gold:   17         SH:  0    Dex: 12    Spells: 6/7 levels left

rFire    x . .     SeeInvis .   g - +0 dagger
rCold    + . .     Gourm    .   (no shield)
rNeg     + + +     Faith    .   c - +0 robe
rPois    ∞         Spirit   .   (no helmet)
rElec    .         Reflect  .   (no cloak)
rCorr    .         Harm     .   (no gloves)
MR       .....                  (no boots)
Stlth    ++........             (no amulet)
HPRegen  0.06/turn              (no ring)
MPRegen  0.10/turn              (no ring)

@: very slightly contaminated
A: no food or potions, fire vulnerability, cold resistance 1, negative energy
resistance 3, torment resistance, unbreathing
a: no special abilities


You were on level 1 of the Dungeon.
You were not hungry.

You visited 1 branch of the dungeon, and saw 1 of its levels.

You collected 17 gold pieces.

Inventory:

Hand Weapons
 d - a +0 club
 g - a +0 dagger (weapon)
Missiles
 b - 41 stones (quivered)
Armour
 c - a +0 robe (worn)
Jewellery
 e - a +4 ring of intelligence {unknown}
Scrolls
 a - a scroll of enchant armour {unknown}
 f - a scroll of remove curse {unknown}
 h - a scroll of amnesia {unknown}


   Skills:
 - Level 1.5 Dodging
 - Level 1.5 Stealth
 + Level 3.0 Spellcasting
   Level 0.7 Transmutations
 * Level 2.8 Earth Magic


You had 6 spell levels left.
You knew the following spells:

 Your Spells              Type           Power        Failure   Level  Hunger
a - Sandblast             Erth           ##....       7%          1    N/A

Your spell library contained the following spells:

 Spells                   Type           Power        Failure   Level  Hunger
 Stone Arrow              Conj/Erth      #.....       34%         3    N/A
 Passwall                 Tmut/Erth      #.........   16%         2    N/A
 Lee's Rapid Deconstruct  Erth           ##........   88%         5    N/A
 Petrify                  Tmut/Erth      #.......     71%         4    N/A

Dungeon Overview and Level Annotations

Branches:
Dungeon (1/15)

Altars:


Innate Abilities, Weirdness & Mutations

You do not eat or drink.
Your flesh is vulnerable to fire.
You are immune to poison.
Your flesh is cold resistant. (rC+)
You are immune to negative energy. (rN+++)
You are immune to unholy pain and torment.
You can survive without breathing.


Message History

You hit the leopard gecko.
The leopard gecko is moderately wounded.
The leopard gecko bites you.
* * * LOW HITPOINT WARNING * * *
You hit the leopard gecko.
The leopard gecko is severely wounded.
The leopard gecko closely misses you.
You hit the leopard gecko but do no damage.
The leopard gecko is severely wounded.
The leopard gecko bites you.
* * * LOW HITPOINT WARNING * * *
Casting: Sandblast (safe; 7% risk of failure)
Confirm with . or Enter, or press ? or * to list all spells.
Aiming: Sandblast (safe; 7% risk of failure)
Press: ? - help, Shift-Dir - straight line, f - leopard gecko
Aim: a leopard gecko (severely wounded)
You miscast Sandblast.
You are very lightly contaminated with residual magic.
You feel gritty. The leopard gecko bites you.
You die...

......................
##.........###....##
#.........# #....## .
#.........# #...... #.
#.........# #...###
#.####)###............#
.#..†...#
#.....#......#
$.8..#....#
#..##.#.#....#
8.##....l@# #.#
.#......# #.#....#
.##......... ......#)#
..#...### ....##.#.#
#...#..#. ##...#....#
####..#.#... ... #....#
.....#...#.. #....#
#####.....## ......#
.#.......... .......#
$.#....<....


You could see a leopard gecko.

Vanquished Creatures
  2 goblins (D:1)
  4 hobgoblins (D:1)
  A frilled lizard (D:1)
  2 kobolds (D:1)
  A rat (D:1)
10 creatures vanquished.

Notes
Turn   | Place    | Note
-------+----------+-------------------------------------------
     0 | D:1      | iamserjio the Mummy Earth Elementalist began the quest for the Orb.
     0 | D:1      | Reached XP level 1. HP: 13/13 MP: 4/4
   366 | D:1      | Reached skill level 3 in Spellcasting
   366 | D:1      | Reached XP level 2. HP: 19/19 MP: 3/6
   464 | D:1      | Slain by a leopard gecko

Vault maps used:
D:1:      scummos_arrival_star, minmay_pentomino_p4

Skill      XL: |  1 |
---------------+----+-----
Spellcasting   | 3 |  3.0
Dodging        | |  1.5
Stealth        | |  1.5
Transmutations | |  0.7
Earth Magic    | |  2.8

Action                   || total
-------------------------++-------
Melee: Club              ||     9
       Dagger            ||    20
 Cast: Sandblast         ||    10
Armor: Robe              ||     1
Dodge: Dodged            ||    21

Table legend:
 A = Spawn XP
 B = Non-spawn XP
 C = Spawn XP percentage of total XP
 D = Spawn monster count
 E = Non-spawn monster count
 F = Spawn count percentage of total count
 G = Total turns spent on level
                    A         B        C        D         E        F      G
               +---------+---------+-------+---------+---------+-------+---------
         Total |       0 |      16 |   0.0 |       0 |      10 |   0.0 |   464
               +---------+---------+-------+---------+---------+-------+---------
           D:1 |       0 |      16 |   0.0 |       0 |      10 |   0.0 |   464
               +---------+---------+-------+---------+---------+-------+---------
